 Dungeon Crawl Stone Soup version 0.21.1-1-g345015f (webtiles) character file.

55 johnjohn the Caller (level 3, -1/19 HPs)
             Began as a Deep Elf Summoner on June 26, 2018.
             Slain by an adder (5 damage)
             ... on level 2 of the Dungeon.
             The game lasted 00:12:09 (2888 turns).

johnjohn the Caller (Deep Elf Summoner)             Turns: 2888, Time: 00:12:09

Health: -1/19      AC:  3    Str:  6    XL:     3   Next: 67%
Magic:  9/10       EV: 13    Int: 19    God:
Gold:   107        SH:  0    Dex: 15    Spells: 0/9 levels left

rFire    + . .     SeeInvis .   l - staff of fire
rCold    . . .     Gourm    .   (no shield)
rNeg     . . .     Faith    .   a - +0 robe
rPois    .         Spirit   .   (no helmet)
rElec    .         Reflect  .   (no cloak)
rCorr    .         Harm     .   k - +0 pair of gloves
MR       .....                  (no boots)
Stlth    ++........             (no amulet)
HPRegen  0.06/turn              (no ring)
MPRegen  0.12/turn              (no ring)

@: lethally poisoned (-1 -> -6)
A: no striking features
a: no special abilities


You were on level 2 of the Dungeon.
You were not hungry.

You visited 1 branch of the dungeon, and saw 2 of its levels.

You collected 107 gold pieces.

Inventory:

Hand Weapons
 f - a +0 short sword of venom
Armour
 a - a +0 robe (worn)
 d - a +0 leather armour
 k - a +0 pair of gloves (worn)
Magical Staves
 l - an uncursed staff of fire (weapon)
Scrolls
 e - a scroll of amnesia {unknown}
 g - a scroll of teleportation {unknown}
 h - 4 scrolls of identify {unknown}
Potions
 j - a potion of flight {unknown}
Books
 b - a book of Callings

   Spells                             Type                      Level
   a - Summon Small Mammal            Summoning                    1
   b - Call Imp                       Summoning                    2
   c - Call Canine Familiar           Summoning                    3
   d - Summon Guardian Golem          Hexes/Summoning              3
   e - Summon Lightning Spire         Summoning/Air                4
   f - Summon Ice Beast               Ice/Summoning                4
Comestibles
 c - 2 rations
 i - 2 chunks of flesh


   Skills:
 * Level 0.1 Fighting
 - Level 0.6 Short Blades
 + Level 2.5 Dodging
 + Level 2.8 Stealth
 + Level 3.9 Spellcasting
 + Level 5.2 Summonings


You couldn't memorise any spells.
You knew the following spells:

 Your Spells              Type           Power        Failure   Level  Hunger
a - Summon Small Mammal   Summ           ###.         1%          1    None
b - Call Imp              Summ           ###.....     2%          2    ##.....
c - Summon Guardian Gole  Hex/Summ       ##......     14%         3    ###....
d - Call Canine Familiar  Summ           ###.....     4%          3    ###....


Dungeon Overview and Level Annotations

Branches:
Dungeon (2/15)

Altars:

Annotations:
D:2 Sigmund


Message History

The adder bites you.
You are lethally poisoned!
The adder poisons you!
Your crimson imp blinks!
The adder bites you.
You feel sick.
* * * LOW HITPOINT WARNING * * *
You feel sick.
Your crimson imp closely misses the adder.
The adder closely misses you.
Your crimson imp barely misses the adder.
* * * LOW HITPOINT WARNING * * *
You feel sick. The adder barely misses you.
* * * LOW HITPOINT WARNING * * *
You feel sick.
Your crimson imp misses the adder.
You closely miss the adder.
The adder is severely wounded.
The adder bites you.
You die...

(##....#######.#.###..# #.
#(#. .#.###.......#..##
#.... .. #...
.(...#.#####.#.## ##.####.
###.
##.#.#.#####.#5######.####..
...
##...........5.............
#.# ############.####....
...# #.# ###...### #.# #..#
#.# ........# #.# #..# #.#
###.###@# #.# #..# #.# #.
#S# #.###..####.# #. #.#
##............ # #5#
#......####### #.# #.######
#.###.###.# #.........#
#####.##### .#######.#


You could see an adder and a friendly crimson imp.

Vanquished Creatures
  A dart slug (D:2)
  A leopard gecko (D:2)
  5 bats
  2 giant cockroaches (D:1)
  A goblin (D:1)
  A hobgoblin (D:1)
  A jackal (D:2)
  7 kobolds
  6 rats
25 creatures vanquished.

Vanquished Creatures (collateral kills)
  2 adders
  2 worms (D:2)
  2 dart slugs (D:2)
  A leopard gecko (D:2)
  A goblin (D:1)
  3 hobgoblins
  2 jackals (D:2)
  A kobold (D:2)
  2 bats (D:1)
  A frilled lizard (D:2)
  A rat (D:1)
18 creatures vanquished.

Grand Total: 43 creatures vanquished

Notes
Turn   | Place    | Note
-------+----------+-------------------------------------------
     0 | D:1      | johnjohn the Deep Elf Summoner began the quest for the Orb.
     0 | D:1      | Reached XP level 1. HP: 10/10 MP: 6/6
   573 | D:1      | Reached XP level 2. HP: 6/15 MP: 6/8
   812 | D:1      | Learned a level 2 spell: Call Imp
   964 | D:1      | Reached skill level 5 in Summonings
  1889 | D:2      | Noticed Sigmund
  1890 | D:2      | Reached XP level 3. HP: 17/19 MP: 7/10
  2490 | D:2      | Learned a level 3 spell: Summon Guardian Golem
  2495 | D:2      | Learned a level 3 spell: Call Canine Familiar
  2888 | D:2      | Slain by an adder

Skill      XL: |  1  2 |
---------------+-------+-----
Summonings     | 5 |  5.2
Fighting       | |  0.1
Short Blades   | |  0.6
Dodging        | |  2.5
Stealth        | |  2.8
Spellcasting   | |  3.9

Action                   || total
-------------------------++-------
Melee: Short sword       ||    86
       Staff             ||    10
 Cast: Summon Small Mamm ||    11
       Call Imp          ||    19
       Summon Guardian G ||     2
 Stab: Sleeping          ||     3
       Distracted        ||     1
  Eat: Chunk             ||     3
       Ration            ||     1
Armor: Robe              ||    28
Dodge: Dodged            ||   113
